CAL
VISALIA RAWHIDE @ MODESTO NUTS
08/12/2099
 
TOP OF THE 1ST
Visalia Rawhide batting - Pitching for Modesto Nuts : RHP Neal Gregory
Pitching: RHP Neal Gregory
Batting: RHB Travis Ramirez 0-0: Ground out 4-3 (Groundball, 4, EV 98.1 MPH)
Batting: LHB Aaron Quintanilla 0-0: Ball
1-0: Ball
2-0: Called Strike
2-1: Called Strike
2-2: Strikes out looking
Batting: RHB John Shirley 0-0: Ball
1-0: Foul Ball, location: 5SF
1-1: Swinging Strike
1-2: Ground out 5-3 (Groundball, 56, EV 97.5 MPH)
Top of the 1st over - 0 runs, 0 hits, 0 errors, 0 left on base; Visalia 0 - Modesto 0
BOTTOM OF THE 1ST
Modesto Nuts batting - Pitching for Visalia Rawhide : RHP Jonathan Maestas
Pitching: RHP Jonathan Maestas
Batting: RHB Jorge Jacobo 0-0: Called Strike
0-1: Ball
1-1: Fly out, F3 (Popup, 23F, EV 89.4 MPH)
Batting: RHB Danny Morales 0-0: Called Strike
0-1: SINGLE (Line Drive, 89S, EV 88.8 MPH)
Batting: LHB Matt Fahey 0-0: Fly out, F8 (Flyball, 78S, EV 83.8 MPH)
Batting: SHB John Hardy 0-0: Ball
1-0: SINGLE (Flyball, 6D, EV 89.4 MPH)
Danny Morales to second
Batting: RHB Ruben Reyes 0-0: Ground out 4-3 (Groundball, 4S, EV 90.0 MPH)
Bottom of the 1st over - 0 runs, 2 hits, 0 errors, 2 left on base; Visalia 0 - Modesto 0
TOP OF THE 2ND
Visalia Rawhide batting - Pitching for Modesto Nuts : RHP Neal Gregory
Batting: LHB Luis Alvarez 0-0: Foul Ball, location: 2F
0-1: Ball
1-1: Swinging Strike
1-2: Ball
2-2: Foul Ball, location: 3F
2-2: Ball
3-2: SINGLE (Line Drive, 89S, EV 96.9 MPH)
Batting: SHB Brian Warfel 0-0: Swinging Strike
0-1: Ball
1-1: Foul Ball, location: 2RF
1-2: SINGLE (Groundball, 4D, EV 97.5 MPH)
Luis Alvarez to second
Runner from 2nd tries for 3rd, SAFE, no throw by CF
Batting: RHB Luke Arnold 0-0: Swinging Strike
0-1: Swinging Strike
0-2: Foul Ball, location: 2F
0-2: Ball
1-2: Ball
2-2: Strikes out swinging
Batting: RHB Robby Junker 0-0: Ground out 6-3 (Groundball, 6MS, EV 72.5 MPH)
Luis Alvarez scores
Brian Warfel to second
Batting: RHB Jon Staton 0-0: Ball
1-0: Called Strike
1-1: Called Strike
1-2: Foul Ball, location: 2F
1-2: Ball
2-2: Ball
3-2: Strikes out swinging
Top of the 2nd over - 1 run, 2 hits, 0 errors, 1 left on base; Visalia 1 - Modesto 0
BOTTOM OF THE 2ND
Modesto Nuts batting - Pitching for Visalia Rawhide : RHP Jonathan Maestas
Batting: RHB Joe Couch 0-0: Ball
1-0: Ball
2-0: Ground out 6-3 (Groundball, 6, EV 87.5 MPH)
Batting: RHB Jason Samples 0-0: Called Strike
0-1: Foul Ball, location: 2F
0-2: Ball
1-2: Fly out, F9 (Flyball, 9D, EV 90.6 MPH)
Batting: RHB Archie Brown 0-0: Called Strike
0-1: SINGLE (Groundball, 6S, EV 68.1 MPH)
Batting: RHB Esteban Galante 0-0: Ball
1-0: Ball
2-0: Ball
3-0: Base on Balls
Archie Brown to second
Batting: RHB Jorge Jacobo 0-0: Ball
1-0: DOUBLE (Flyball, 8LXD, EV 94.4 MPH)
Archie Brown scores
Esteban Galante to third
Batting: RHB Danny Morales 0-0: Fly out, F7 (Line Drive, 7, EV 94.4 MPH)
Bottom of the 2nd over - 1 run, 2 hits, 0 errors, 2 left on base; Visalia 1 - Modesto 1
TOP OF THE 3RD
Visalia Rawhide batting - Pitching for Modesto Nuts : RHP Neal Gregory
Batting: RHB Noah Turley 0-0: Ball
1-0: Swinging Strike
1-1: Ground out 6-3 (Groundball, 6, EV 90.6 MPH)
Batting: RHB Travis Ramirez 0-0: Called Strike
0-1: Fly out, F7 (Flyball, 7S, EV 85.6 MPH)
Batting: LHB Aaron Quintanilla 0-0: Ball
1-0: Called Strike
1-1: Ball
2-1: Foul Ball, location: 7LSF
2-2: Ball
3-2: Fly out, F7 (Flyball, 7, EV 74.4 MPH)
Top of the 3rd over - 0 runs, 0 hits, 0 errors, 0 left on base; Visalia 1 - Modesto 1
BOTTOM OF THE 3RD
Modesto Nuts batting - Pitching for Visalia Rawhide : RHP Jonathan Maestas
Batting: LHB Matt Fahey 0-0: Called Strike
0-1: Ball
1-1: Fly out, F7 (Flyball, 78S, EV 72.5 MPH)
Batting: SHB John Hardy 0-0: Called Strike
0-1: Swinging Strike
0-2: Ball
1-2: Ball
2-2: Foul Ball, location: 2RF
2-2: Ball
3-2: SINGLE (Line Drive, 9LS, EV 91.3 MPH)
Batting: RHB Ruben Reyes 0-0: Called Strike
0-1: Foul Ball, location: 3FF
0-2: Ball
1-2: Ball
2-2: Ball
3-2: 2-RUN HOME RUN (Flyball, 89XD, EV 99.4 MPH), Distance : 394 ft
Batting: RHB Joe Couch 0-0: Fly out, F8 (Flyball, 8LM, EV 101.9 MPH)
Batting: RHB Jason Samples 0-0: Ball
1-0: Foul Ball, location: 9LSF
1-1: Ball
2-1: Ball
3-1: Called Strike
3-2: Strikes out swinging
Bottom of the 3rd over - 2 runs, 2 hits, 0 errors, 0 left on base; Visalia 1 - Modesto 3
TOP OF THE 4TH
Visalia Rawhide batting - Pitching for Modesto Nuts : RHP Neal Gregory
Batting: RHB John Shirley 0-0: Ball
1-0: SINGLE (Groundball, 6MS, EV 88.8 MPH) (infield hit)
Batting: LHB Luis Alvarez 0-0: Called Strike
0-1: Ball
1-1: Swinging Strike
1-2: Strikes out looking
Batting: SHB Brian Warfel 0-0: Fly out, F6 (Popup, 6, EV 59.4 MPH)
Batting: RHB Luke Arnold 0-0: Called Strike
0-1: DOUBLE (Groundball, 5L, EV 98.1 MPH)
John Shirley to third
Batting: RHB Robby Junker 0-0: Called Strike
0-1: Fly out, F8 (Flyball, 8RD, EV 104.4 MPH)
Top of the 4th over - 0 runs, 2 hits, 0 errors, 2 left on base; Visalia 1 - Modesto 3
BOTTOM OF THE 4TH
Modesto Nuts batting - Pitching for Visalia Rawhide : RHP Jonathan Maestas
Batting: RHB Archie Brown 0-0: Ball
1-0: Ball
2-0: Called Strike
2-1: Foul Ball, location: 5F
2-2: Fly out, F9 (Flyball, 89M, EV 92.5 MPH)
Batting: RHB Esteban Galante 0-0: DOUBLE (Flyball, 78XD, EV 101.9 MPH)
Batting: RHB Jorge Jacobo 0-0: Ball
1-0: Fly out, F7 (Flyball, 7S, EV 80.6 MPH)
Batting: RHB Danny Morales 0-0: Swinging Strike
0-1: Ball
1-1: Foul Ball, location: 9LMF
1-2: Strikes out swinging
Bottom of the 4th over - 0 runs, 1 hit, 0 errors, 1 left on base; Visalia 1 - Modesto 3
TOP OF THE 5TH
Visalia Rawhide batting - Pitching for Modesto Nuts : RHP Neal Gregory
Batting: RHB Jon Staton 0-0: Ball
1-0: SOLO HOME RUN (Flyball, 9LD, EV 92.5 MPH), Distance : 323 ft
Batting: RHB Noah Turley 0-0: Ball
1-0: Foul Ball, location: 2F
1-1: Foul Ball, location: 5FF
1-2: Fly out, F3 (Line Drive, 34, EV 70.0 MPH)
Batting: RHB Travis Ramirez 0-0: Ball
1-0: Ball
2-0: Fly out, F4 (Popup, 3S, EV 89.4 MPH)
Batting: LHB Aaron Quintanilla 0-0: Foul Ball, location: 2F
0-1: Foul Ball, location: 3DF
0-2: Ground out 6-3 (Groundball, 4MS, EV 66.3 MPH)
Top of the 5th over - 1 run, 1 hit, 0 errors, 0 left on base; Visalia 2 - Modesto 3
BOTTOM OF THE 5TH
Modesto Nuts batting - Pitching for Visalia Rawhide : RHP Jonathan Maestas
Batting: LHB Matt Fahey 0-0: Ball
1-0: Ball
2-0: Called Strike
2-1: Ground out 3-1 (Groundball, 34S, EV 86.9 MPH)
Batting: SHB John Hardy 0-0: Foul Ball, location: 2F
0-1: Fly out, F8 (Flyball, 8RD, EV 91.3 MPH)
Batting: RHB Ruben Reyes 0-0: Ball
1-0: Fly out, F9 (Flyball, 9, EV 95.6 MPH)
Bottom of the 5th over - 0 runs, 0 hits, 0 errors, 0 left on base; Visalia 2 - Modesto 3
TOP OF THE 6TH
Visalia Rawhide batting - Pitching for Modesto Nuts : RHP Neal Gregory
Batting: RHB John Shirley 0-0: Ball
1-0: Called Strike
1-1: SOLO HOME RUN (Flyball, 7D, EV 94.4 MPH), Distance : 368 ft
Batting: LHB Luis Alvarez 0-0: Fly out, F8 (Line Drive, 8RM, EV 88.1 MPH)
Batting: SHB Brian Warfel 0-0: Ball
1-0: Ball
2-0: Ground out 6-3 (Groundball, 6MS, EV 79.4 MPH)
Batting: RHB Luke Arnold 0-0: Fly out, F7 (Flyball, 7LM, EV 93.8 MPH)
Top of the 6th over - 1 run, 1 hit, 0 errors, 0 left on base; Visalia 3 - Modesto 3
BOTTOM OF THE 6TH
Modesto Nuts batting - Pitching for Visalia Rawhide : RHP Jonathan Maestas
Batting: RHB Joe Couch 0-0: Ball
1-0: Ball
2-0: Called Strike
2-1: Ground out 5-3 (Groundball, 56, EV 91.3 MPH)
Batting: RHB Jason Samples 0-0: Swinging Strike
0-1: Swinging Strike
0-2: Strikes out swinging
Batting: RHB Archie Brown 0-0: Ball
1-0: Foul Ball, location: 2F
1-1: Fly out, F7 (Flyball, 7LM, EV 96.3 MPH)
Bottom of the 6th over - 0 runs, 0 hits, 0 errors, 0 left on base; Visalia 3 - Modesto 3
TOP OF THE 7TH
Visalia Rawhide batting - Pitching for Modesto Nuts : RHP Neal Gregory
Batting: RHB Robby Junker 0-0: Fly out, F3 (Popup, 34S, EV 80.6 MPH)
Batting: RHB Jon Staton 0-0: Ball
1-0: Ball
2-0: Swinging Strike
2-1: Fly out, F9 (Line Drive, 9LM, EV 95.0 MPH)
Batting: RHB Noah Turley 0-0: Ball
1-0: Ground out 6-3 (Groundball, 6, EV 81.3 MPH)
Top of the 7th over - 0 runs, 0 hits, 0 errors, 0 left on base; Visalia 3 - Modesto 3
BOTTOM OF THE 7TH
Modesto Nuts batting - Pitching for Visalia Rawhide : RHP Jonathan Maestas
Batting: RHB Esteban Galante 0-0: Ball
1-0: Called Strike
1-1: Foul Ball, location: 9LDF
1-2: Fly out, F8 (Flyball, 8LXD, EV 95.0 MPH)
Batting: RHB Jorge Jacobo 0-0: SINGLE (Groundball, 4MD, EV 110.6 MPH)
Batting: RHB Danny Morales 0-0: Ball
1-0: Ball
2-0: Ground out 4-3 (Groundball, 4S, EV 73.1 MPH)
Jorge Jacobo to second
Batting: LHB Matt Fahey 0-0: Foul Ball, location: 2F
0-1: Ball
1-1: Swinging Strike
1-2: Foul Ball, location: 9LSF
1-2: Foul Ball, location: 9LMF
1-2: Hit by Pitch
Pitching: RHP Ken Schuller
Batting: SHB John Hardy 0-0: Foul Ball, location: 2F
0-1: Swinging Strike
0-2: Ball
1-2: Strikes out swinging
Bottom of the 7th over - 0 runs, 1 hit, 0 errors, 2 left on base; Visalia 3 - Modesto 3
TOP OF THE 8TH
Visalia Rawhide batting - Pitching for Modesto Nuts : RHP Neal Gregory
Batting: RHB Travis Ramirez 0-0: Called Strike
0-1: Foul Ball, location: 9LDF
0-2: Foul Ball, location: 2F
0-2: Strikes out looking
Batting: LHB Aaron Quintanilla 0-0: SINGLE (Line Drive, 56, EV 97.5 MPH)
Batting: RHB John Shirley 0-0: Called Strike
0-1: Ball
1-1: Foul Ball, location: 25F
1-2: SINGLE (Groundball, 6MD, EV 106.9 MPH)
Aaron Quintanilla to second
Pitching: LHP Jim Gayle
Batting: LHB Luis Alvarez 0-0: Called Strike
0-1: Ball
1-1: Ball
2-1: Swinging Strike
2-2: Ball
3-2: Foul Ball, location: 7LDF
3-2: Fielders Choice at 2nd, 3-6 (Groundball, 3, EV 90.0 MPH)
Aaron Quintanilla to third
Batting: SHB Brian Warfel 0-0: Swinging Strike
0-1: Ball
1-1: Ball
Wild Pitch!
Aaron Quintanilla scores
Luis Alvarez to second
2-1: Swinging Strike
2-2: Ball
3-2: Base on Balls
Batting: RHB Luke Arnold 0-0: Ball
1-0: SINGLE (Line Drive, 78S, EV 97.5 MPH)
Luis Alvarez to third
Brian Warfel to second
Runner from 3rd tries for Home, SAFE, throw by LF to home
Batting: RHB Robby Junker 0-0: Ball
1-0: Called Strike
1-1: Called Strike
1-2: SINGLE (Groundball, 4MD, EV 94.4 MPH)
Brian Warfel to third
Luke Arnold to second
Runner from 3rd tries for Home, SAFE, throw by CF to home
Batting: RHB Jon Staton 0-0: Called Strike
0-1: Ball
1-1: Ball
2-1: Swinging Strike
2-2: Reached on error, E4 (Groundball, 4S, EV 83.8 MPH)
Luke Arnold scores
Robby Junker to third
Batting: RHB Noah Turley 0-0: Called Strike
0-1: Ball
1-1: Foul Ball, location: 2F
1-2: Ball
2-2: Foul Ball, location: 2F
2-2: Strikes out looking
Top of the 8th over - 4 runs, 4 hits, 1 error, 2 left on base; Visalia 7 - Modesto 3
BOTTOM OF THE 8TH
Modesto Nuts batting - Pitching for Visalia Rawhide : RHP Ken Schuller
Batting: RHB Ruben Reyes 0-0: Ball
1-0: Called Strike
1-1: Ground out 3-1 (Groundball, 34S, EV 80.6 MPH)
Batting: RHB Joe Couch 0-0: Called Strike
0-1: Swinging Strike
0-2: Ball
1-2: Strikes out looking
Batting: RHB Jason Samples 0-0: Ball
1-0: Ball
2-0: DOUBLE (Flyball, 9LD, EV 96.3 MPH)
Pinch Hitting: RHB Hector Machuca 0-0: Ball
1-0: Fly out, F4 (Popup, 4, EV 76.3 MPH)
Bottom of the 8th over - 0 runs, 1 hit, 0 errors, 1 left on base; Visalia 7 - Modesto 3
TOP OF THE 9TH
Visalia Rawhide batting - Pitching for Modesto Nuts : LHP Jim Gayle
Pitching: RHP Masutaro Harada
Now at 2B: Fernando Gallegos
Now at SS: Joe Couch
Batting: RHB Travis Ramirez 0-0: Ball
1-0: Foul Ball, location: 3FF
1-1: Foul Ball, location: 2F
1-2: Strikes out swinging
Batting: LHB Aaron Quintanilla 0-0: Ball
1-0: Called Strike
1-1: Ball
2-1: Foul Ball, location: 2F
2-2: Strikes out swinging
Batting: RHB John Shirley 0-0: Ball
1-0: Called Strike
1-1: Foul Ball, location: 2F
1-2: Strikes out looking
Top of the 9th over - 0 runs, 0 hits, 0 errors, 0 left on base; Visalia 7 - Modesto 3
BOTTOM OF THE 9TH
Modesto Nuts batting - Pitching for Visalia Rawhide : RHP Ken Schuller
Batting: RHB Esteban Galante 0-0: Called Strike
0-1: Ball
1-1: Hit by Pitch
Batting: RHB Jorge Jacobo 0-0: DOUBLE (Flyball, 8RXD, EV 97.5 MPH)
Esteban Galante to third
Batting: RHB Danny Morales 0-0: Swinging Strike
0-1: Foul Ball, location: 25F
0-2: Ball
1-2: Strikes out looking
Batting: LHB Matt Fahey 0-0: Foul Ball, location: 9LDF
0-1: Foul Ball, location: 25FF
0-2: Hit by Pitch
Pitching: RHP Jen-ta Ruan
Batting: SHB John Hardy 0-0: Ball
1-0: Ball
2-0: Ball
3-0: Base on Balls
Esteban Galante scores
Jorge Jacobo to third
Matt Fahey to second
Batting: RHB Ruben Reyes 0-0: Called Strike
0-1: Ball
1-1: Called Strike
1-2: Ball
2-2: Strikes out looking
Pinch Hitting: RHB Bryan Renner 0-0: Called Strike
0-1: GRAND SLAM HOME RUN (Line Drive, 89XD, EV 103.1 MPH), Distance : 392 ft
Bottom of the 9th over - 5 runs, 2 hits, 0 errors, 0 left on base; Visalia 7 - Modesto 8
Tuesday, May 14th , 2024 - OOTP Baseball 24.11 Build 85